AoeStats
← cmd

Arabia

509135863Analyzed
2v2 RM · 6d ago on Sep 25, 2026· 35m 52s· 4 players
Game mode
Random Map
Map size
Medium (4 player)
Population
200
Speed
Normal
Resources
Standard
Victory
Conquest
Starting age
Dark Age
Ending age
Imperial Age
RankedLock teamsTeams togetherTeam positionsShared explorationLock speedFull tech treeHidden civsTurbo modeCheats
Victory
Defeat
🇩🇪 Japanese · Germany
956
+14
🇩🇪 Mongols · Germany
903
+16
🇵🇹 Persians · Portugal
954
-46
🇵🇹 Malians · Portugal
865
-33
OldCyborg
2:00 Loom
12:28 Feudal Age
16:04 Wheelbarrow
15:30 Double-Bit Axe
16:01 Horse Collar
20:29 Gold Mining
22:11 Stone Mining
22:32 Town Watch
23:31 Arson
27:28 Castle Age
26:11 Forging
25:51 Fletching
26:02 Scale Mail Armor
26:02 Padded Archer Armor
26:29 Town Watch
26:59 Scale Barding Armor
28:27 Hand Cart
27:43 Elite Skirmisher
27:44 Crossbowman
rikardocraft
0:36 Loom
10:38 Feudal Age
11:50 Wheelbarrow
11:00 Town Watch
10:59 Horse Collar
11:06 Double-Bit Axe
18:16 Gold Mining
22:17 Castle Age
20:53 Scale Mail Armor
21:05 Forging
20:44 Arson
21:22 Scale Barding Armor
22:00 Bloodlines
23:21 Light Cavalry
28:15 Hand Cart
28:01 Town Patrol
29:13 Heavy Plow
29:32 Bow Saw
31:44 Chain Barding Armor
31:29 Husbandry
32:38 Gold Shaft Mining
31:54 Stone Mining
32:32 Squires
35:44 Iron Casting
35:45 Chain Mail Armor
35:41 Pikeman
helo
6:49 Loom
9:21 Feudal Age
9:44 Man-at-Arms
11:26 Wheelbarrow
11:07 Double-Bit Axe
12:26 Horse Collar
20:57 Castle Age
20:35 Fletching
21:34 Crossbowman
23:04 Padded Archer Armor
22:59 Bodkin Arrow
22:44 Pikeman
26:08 Thumb Ring
27:28 Leather Archer Armor
28:48 Squires
35:32 Imperial Age
34:06 Treadmill Crane
34:22 Murder Holes
35:19 Ballistics
cmd
8:20 Loom
10:32 Feudal Age
11:14 Double-Bit Axe
16:16 Horse Collar
21:09 Castle Age
22:28 Fletching
26:04 Bow Saw
26:23 Thumb Ring
26:45 Heavy Plow
29:33 Bodkin Arrow
29:39 Padded Archer Armor
30:02 Bloodlines
31:19 Leather Archer Armor
31:13 Gold Mining
31:14 Stone Mining
32:43 Gold Shaft Mining
33:55 Ballistics
34:02 Husbandry
Connection lost

Rejoining the realm…

Still unreachable

The connection could not be restored.

Session expired

The server has moved on; the page needs a fresh start.